 Dungeon Crawl Stone Soup version 0.29.1-15-g9cfb28693d (webtiles) character file.

Game seed: 522983640864245351

193 protoss039 the Digger (level 5, 37/40 HPs)
             Began as a Demonspawn Earth Elementalist on Apr 1, 2023.
             Got out of the dungeon alive.
             The game lasted 00:01:39 (1525 turns).

protoss039 the Digger (DsEE)                        Turns: 1525, Time: 00:01:39

Health: 37/40      AC:  3    Str:  9    XL:     5   Next: 43%
Magic:  10/10      EV: 12    Int: 18    God:
Gold:   70         SH:  5    Dex: 13    Spells: 9/10 levels left

rFire   . . .      SeeInvis .   p - +0 scythe (vorpal)
rCold   . . .      Faith    .   (shield currently unavailable)
rNeg    . . .      Spirit   .   a - +0 robe
rPois   .          Reflect  +   (no helmet)
rElec   .          Harm     .   (no cloak)
rCorr   .          Rampage  .   (no gloves)
Will    .....                   (no boots)
Stlth   ++........              i - amulet of reflection
HPRegen 0.13/turn               (no ring)
MPRegen 0.12/turn               (no ring)

@: no status effects
A: demonic guardian 1, sharp scales 1
a: no special abilities


You escaped.
You visited 1 branch of the dungeon, and saw 2 of its levels.

You collected 70 gold pieces.

Inventory:

Hand Weapons
 p - a +0 vorpal scythe (weapon)
Missiles
 j - 4 poisoned darts
Armour
 a - a +0 robe (worn)
Jewellery
 i - an amulet of reflection (around neck)
 m - an amulet of guardian spirit
Scrolls
 d - a scroll of amnesia {unknown}
 g - 3 scrolls of identify {unknown}
 k - a scroll of fear {unknown}
 n - a scroll of teleportation {unknown}
 o - a scroll of torment {unknown}
Potions
 b - a potion of magic
 e - 2 potions of berserk rage {unknown}
 f - 2 potions of curing {unknown}
 h - a potion of cancellation {unknown}
 l - 2 potions of mutation {unknown}


   Skills:
 + Level 2.8 Fighting
 - Level 1.7 Dodging
 - Level 1.7 Stealth
 + Level 3.4 Spellcasting
 - Level 0.8 Transmutations
 + Level 3.9 Earth Magic


You had 9 spell levels left.
You knew the following spells:

 Your Spells              Type           Power      Damage    Failure   Level
a - Sandblast             Erth           34%        2d9       3%          1

Your spell library contained the following spells:

 Spells                   Type           Power      Damage    Failure   Level
 Passwall                 Tmut/Erth      9%         N/A       9%          2
 Stone Arrow              Conj/Erth      20%        3d8       22%         3
 Petrify                  Tmut/Erth      11%        N/A       50%         4


Dungeon Overview and Level Annotations

Branches:
Dungeon (2/15) Zot: 10457

Altars:

Shops:
D:1 !


Innate Abilities, Weirdness & Mutations

A weak demonic guardian rushes to your aid.
You are partially covered in razor-sharp scales. (AC +1, Slay +1)


Message History

Aim: Sigmund, wielding a +0 vorpal scythe and wearing a +0 robe (almost dead, 80% to hit)
The blast of sand misses Sigmund.
Sigmund mumbles some strange words.
Sigmund flickers and vanishes!
Deactivating autopickup; reactivate with Ctrl-A.
Casting: Sandblast (safe; 4% risk of failure)
Confirm with . or Enter, or press ? or * to list all spells.
Aiming: Sandblast (safe; 4% risk of failure)
Press: ? - help, Shift-Dir - straight line, f - you That would be overly suicidal.
Okay, then.
Unknown command.
Casting: Sandblast (safe; 4% risk of failure)
Confirm with . or Enter, or press ? or * to list all spells.
Aiming: Sandblast (safe; 4% risk of failure)
Press: ? - help, Shift-Dir - straight line The blast of sand hits something!
Reactivating autopickup.
You feel a bit more experienced.
Your Fighting skill increases to level 2!
Your Spellcasting skill increases to level 3!
You have reached level 4!
You feel stronger.
Your demonic ancestry asserts itself...
You feel the presence of a demonic guardian.
You have reached level 5!
e - 2 fuming amethyst potions (gained 1)
Things that are here:
a +0 vorpal scythe; a +0 robe; the human corpse of Sigmund
p - a +0 vorpal scythe
p - a +0 vorpal scythe (weapon)
You drop a +0 dagger.
Things that are here:
a +0 short sword; a stone
There is an escape hatch in the ceiling here.
A mysterious force pulls you upwards. The hatch slams shut behind you.
There is an open door here.
Magic restored.
There is a staircase leading out of the dungeon here.
Are you sure you want to leave the Dungeon?
This will make you lose the game!
You have escaped!

####.## #.....#
###.###.#
#.......#
########.......#
#.....'........#
#..#..##.(....##
#..#..#####'###
#..@(.##.....#
#.....##..8..#
########.....#
#######


There were no monsters in sight!

Vanquished Creatures
  Sigmund (D:2)
  A worm (D:2)
  3 bats
  4 endoplasms
  A giant cockroach (D:2)
  3 goblins
  2 hobgoblins
  A quokka (D:1)
  5 ball pythons
  2 frilled lizards
  4 kobolds
  7 rats
34 creatures vanquished.

Notes
Turn   | Place    | Note
-------+----------+-------------------------------------------
     0 | D:1      | protoss039 the Demonspawn Earth Elementalist began the
                  | quest for the Orb.
     0 | D:1      | Reached XP level 1. HP: 13/13 MP: 3/3
   188 | D:1      | Found Uratihed's Distillery.
   479 | D:1      | Gained mutation: You are partially covered in razor-sharp
                  | scales. (AC +1, Slay +1) [demonic ancestry]
   479 | D:1      | Reached XP level 2. HP: 20/20 MP: 5/5
   564 | D:1      | Reached skill level 1 in Fighting
   827 | D:1      | You fall into a shaft and drop 1 floor!
  1127 | D:2      | Reached XP level 3. HP: 26/26 MP: 6/6
  1437 | D:2      | Noticed Sigmund
  1445 | D:2      | Killed Sigmund
  1446 | D:2      | Gained mutation: A weak demonic guardian rushes to your
                  | aid. [demonic ancestry]
  1446 | D:2      | Reached XP level 4. HP: 23/34 MP: 0/9
  1446 | D:2      | Reached XP level 5. HP: 27/40 MP: 0/10
  1525 | D:$      | Got out of the dungeon alive.

Illustrated notes

Levels and vault maps discovered:
D:1:      dpeg_arrival_rooms_b, layout_basic, serial_shops, nicolae_shop_crystal
D:2:      layout_loops_ring, uniq_sigmund

Skill      XL: |  1  2  3 |
---------------+----------+-----
Fighting       | 1 2 |  2.8
Earth Magic    | 3 |  3.9
Spellcasting   | 3 |  3.4
Dodging        | |  1.7
Stealth        | |  1.7
Transmutations | |  0.8

Action                   |  1- 3 |  4- 6 || total
-------------------------+-------+-------++-------
Melee: Dagger            |    54 |       ||    54
 Cast: Sandblast         |    38 |       ||    38
 Stab: Sleeping          |     4 |       ||     4
Armor: Robe              |    19 |       ||    19
Dodge: Dodged            |    43 |       ||    43
Block: Other             |    20 |       ||    20
